 Dungeon Crawl Stone Soup version 0.29-a0-901-g46a8461d6a (webtiles) character file.

Game seed: 7184272411565392963

108 inmateoo the Trooper (level 4, -3/40 HPs)
             Began as a Minotaur Fighter on July 24, 2022.
             Slain by an orc
             ... wielding a +0 short sword
              (5 damage)
             ... on level 3 of the Dungeon.
             The game lasted 00:01:21 (1611 turns).

inmateoo the Trooper (Minotaur Fighter)             Turns: 1611, Time: 00:01:22

Health: -3/40      AC: 10    Str: 21    XL:     4   Next: 58%
Magic:  3/3        EV: 10    Int:  5    God:
Gold:   98         SH:  4    Dex: 11    Spells: 3/3 levels left

rFire   . . .      SeeInvis .   a - +0 war axe
rCold   . . .      Faith    .   c - +0 buckler
rNeg    . . .      Spirit   .   b - +1 scale mail
rPois   .          Reflect  .   (helmet restricted)
rElec   .          Harm     .   o - +0 cloak
rCorr   .          Rampage  .   m - +0 pair of gloves
Will    .....                   (no boots)
Stlth   ..........              (no amulet)
HPRegen 0.13/turn               (no ring)
MPRegen 0.08/turn               (no ring)

@: no status effects
A: horns 2, retaliatory headbutt
a: no special abilities


You were on level 3 of the Dungeon.
You visited 1 branch of the dungeon, and saw 3 of its levels.

You collected 98 gold pieces.

Inventory:

Hand Weapons
 a - a +0 war axe (weapon)
Armour
 b - a +1 scale mail (worn)
 c - a +0 buckler (worn)
 m - a +0 pair of gloves (worn)
 o - a +0 cloak (worn)
Scrolls
 e - 2 scrolls of poison
 g - a scroll of identify {unknown}
 k - a scroll of fear {unknown}
 n - a scroll of teleportation {unknown}
Potions
 d - a potion of might
 f - a potion of heal wounds {unknown}
 h - a potion of lignification {unknown}
 i - a potion of degeneration {unknown}
 j - 3 potions of attraction {unknown}
 l - a potion of flight {unknown}


   Skills:
 + Level 4.2 Fighting
 * Level 3.9 Axes
 + Level 4.2 Armour
 + Level 1.8 Dodging
 + Level 4.2 Shields


You had 3 spell levels left.
You didn't know any spells.
Your spell library was empty.

Dungeon Overview and Level Annotations

Branches:
Dungeon (3/15)

Altars:
Dithmenos

Shops:
D:1 :


Innate Abilities, Weirdness & Mutations

You have a pair of horns on your head.
You reflexively headbutt those who attack you in melee.


Message History

The orc hits you from afar with a +1 trident of flaming.
The orc burns you.
You continue putting on your +0 cloak.
The orc closely misses you.
You finish putting on your +0 cloak.
The orc hits you but does no damage.
An orc priest comes into view. It is wielding a +0 whip.
There is an open door, spattered with blood here.
You closely miss the orc.
The orc priest shouts!
You hear a shout! x2
The orc hits you but does no damage.
An orc comes into view. It is wielding a +0 whip.
The orc hits you with a +1 trident of flaming!
The orc burns you.
You closely miss the orc.
An orc comes into view. It is wielding a +0 short sword.
The orc barely misses you.
You hit the orc.
The orc is heavily wounded.
The orc hits you with a +1 trident of flaming!
The orc burns you.
You are too injured to fight recklessly!
You are too injured to fight recklessly!
You closely miss the orc.
The orc is heavily wounded.
The orc completely misses you. You block the orc's attack.
You hit the orc.
The orc is almost dead.
The orc barely misses you. You furiously retaliate!
You headbutt the orc!
You kill the orc!
You hit the orc. You headbutt the orc, but do no damage.
The orc is heavily wounded.
The orc hits you but does no damage.
You closely miss the orc. You headbutt the orc.
You kill the orc!
The orc priest invokes the aid of Beogh against you.
Beogh smites you!
* * * LOW HITPOINT WARNING * * *
The orc hits you with a +0 short sword.
You die...

##..........# #...#
............# #...#
............# #...#
..o.........######...#
.....................#
##.....####........#
##...##.>#......#####
#...#...#..........#
+#..)#@.##..........#
.###....o###..###......#
..............# #......#
......8.o.....# #......#
..............# #......#
.###.....###..# #......#
+#...#'.#### #......#
#...#...# #......#
#...##.<# #......#


You could see an orc priest and an orc.

Vanquished Creatures
  3 gnolls (D:2)
  3 adders (D:2)
  A dart slug (D:3)
  2 orcs (D:3)
  4 endoplasms (D:1)
  4 giant cockroaches
  2 goblins
  A hobgoblin (D:2)
  2 jackals (D:1)
  3 kobolds
  2 quokkas
  8 ball pythons
  6 bats
  6 frilled lizards (D:1)
  6 rats
53 creatures vanquished.

Notes
Turn   | Place    | Note
-------+----------+-------------------------------------------
     0 | D:1      | inmateoo the Minotaur Fighter began the quest for the Orb.
     0 | D:1      | Reached XP level 1. HP: 19/19 MP: 0/0
   175 | D:1      | Found Upucy's Vocational Training.
   239 | D:1      | Found a faded altar of an unknown god.
   259 | D:1      | Reached XP level 2. HP: 27/27 MP: 1/1
   391 | D:1      | Reached skill level 1 in Dodging
   487 | D:1      | Reached XP level 3. HP: 29/33 MP: 2/2
  1278 | D:2      | Reached XP level 4. HP: 29/40 MP: 3/3
  1469 | D:2      | Found a shadowy altar of Dithmenos.
  1611 | D:3      | HP: 2/40 [orc priest/divine providence (15)]
  1611 | D:3      | Slain by an orc

Illustrated notes

Levels and vault maps discovered:
D:1:      psy_arrival_heroes, layout_basic, ebering_ecumenical_altar_rust,
          nicolae_shop_vocational
D:2:      layout_rooms, basic_altar, minmay_tetromino_o2
D:3:      layout_basic, chequers_jeans, chequers_serial_rivers_micro_e,
          grunt_ministairs_6, uniq_terence

Skill      XL: |  1  2  3 |
---------------+----------+-----
Axes           | 3 |  3.9
Dodging        | 1 |  1.8
Fighting       | 4 |  4.2
Shields        | 4 |  4.2
Armour         | 4 |  4.2

Action                   |  1- 3 |  4- 6 || total
-------------------------+-------+-------++-------
Melee: War axe           |    99 |    18 ||   117
       Headbutt          |     5 |     6 ||    11
  Use: Scroll            |     3 |       ||     3
Armor: Scale mail        |    52 |     8 ||    60
Dodge: Dodged            |    46 |     7 ||    53
Block: Buckler           |    21 |     1 ||    22

Table legend: (Time is in decaauts)
 A = Elapsed time spent in this place.
 B = Non-inter-level travel time spent in this place.
 C = Inter-level travel time spent in this place.
 D = Time resting spent in this place.
 E = Time spent auto-exploring this place.
 F = Levels seen in this place.
 G = Mean time per level.
                   A        B        C        D        E       F      G
               +--------+--------+--------+--------+--------+-----+--------+
         Total |   1655 |   1577 |     78 |    251 |    974 |   3 |  551.7 |
       Dungeon |   1655 |   1577 |     78 |    251 |    974 |   3 |  551.7 |
               +--------+--------+--------+--------+--------+-----+--------+

Top non-repeatable levels by time:
     D:1: 976 daAuts
     D:2: 588 daAuts
     D:3: 90 daAuts
